 Dungeon Crawl Stone Soup version 0.28.0-49-g6dfe1f597d (webtiles) character file.

Game seed: 4296684209030684743

681 issech the Cudgeller (level 7, -2/68 HPs)
             Began as a Troll Monk on May 12, 2022.
             Slain by a white ugly thing (9 damage)
             ... on level 5 of the Dungeon.
             The game lasted 00:12:37 (4199 turns).

issech the Cudgeller (Troll Monk)                   Turns: 4199, Time: 00:12:38

Health: -2/68      AC: 16    Str: 20    XL:     7   Next: 34%
Magic:  6/6        EV:  1    Int: 12    God:
Gold:   111        SH:  0    Dex: 14    Spells: 6/6 levels left

rFire   + . .      SeeInvis .   n - +0 giant spiked club (spect)
rCold   + . .      Faith    .   (shield currently unavailable)
rNeg    . . .      Spirit   .   y - +0 gold dragon scales
rPois   +          Reflect  .   (helmet restricted)
rElec   .          Harm     .   t - +0 cloak
rCorr   .          Rampage  .   (gloves unavailable)
Will    .....                   (boots unavailable)
Stlth   ..........              (no amulet)
HPRegen 1.01/turn               g - +6 ring of intelligence
MPRegen 0.10/turn               (no ring)

@: no status effects
A: large, unfitting armour, claws 3, regeneration 1, shaggy fur 1, tough skin 1
a: no special abilities


You were on level 5 of the Dungeon.
You visited 2 branches of the dungeon, and saw 7 of its levels.

You collected 184 gold pieces.
You spent 73 gold pieces at shops.

Inventory:

Hand Weapons
 a - a +0 mace
 f - a +1 dagger of venom
 n - a +0 spectral giant spiked club (weapon)
 u - a +4 quarterstaff of chaos
Missiles
 c - 107 stones (quivered)
 d - 98 arrows
 j - 40 bolts
 r - 6 poisoned darts
 A - 22 sling bullets
Armour
 b - a +0 robe
 t - a +0 cloak (worn)
 y - +0 gold dragon scales (worn)
Jewellery
 g - a +6 ring of intelligence (left claw)
Wands
 z - a wand of iceblast (9)
 C - a wand of paralysis (12)
Scrolls
 h - a scroll of magic mapping {unknown}
 l - 2 scrolls of amnesia {unknown}
 m - a scroll of enchant armour {unknown}
 p - a scroll of identify {unknown}
 q - 2 scrolls of teleportation {unknown}
 D - a scroll of summoning {unknown}
 E - a scroll of noise {unknown}
Potions
 e - 2 potions of berserk rage {unknown}
 i - 2 potions of cancellation {unknown}
 k - a potion of degeneration {unknown}
 o - a potion of magic {unknown}
 s - a potion of resistance {unknown}
 v - a potion of flight {unknown}
 w - a potion of heal wounds {unknown}
 x - 2 potions of curing {unknown}
 B - a potion of might {unknown}


   Skills:
 + Level 3.8 Fighting
 + Level 0.9 Short Blades
 + Level 5.6 Maces & Flails
 + Level 2.0 Armour
 + Level 3.2 Dodging
 + Level 1.6 Stealth


You had 6 spell levels left.
You didn't know any spells.
Your spell library was empty.

Dungeon Overview and Level Annotations

Branches:
Dungeon (6/15)             Temple (1/1) D:5

Altars:
Dithmenos
Elyvilon
Makhleb
Nemelex Xobeh
Okawaru
Qazlal
Ru
Uskayaw
Vehumet
Xom
Yredelemnul
Zin
The Shining One

Shops:
D:2 [([[*   D:5 (

Annotations:
D:5 3 runed translucent doors, GigaChad's ghost, novice MiFi


Innate Abilities, Weirdness & Mutations

You are too large for most types of armour.
You have claws for hands.
Your natural rate of healing is unusually fast.
You are covered in fur. (AC +1)
You have tough skin. (AC +1)


Message History

The ufetubus hits you.
The ufetubus hits you but does no damage.
You climb upwards.
Level annotation: 3 runed translucent doors, GigaChad's ghost, novice MiFi
There is a stone staircase leading down here.
There is a stone staircase leading down here.
You climb downwards.
The ufetubus hits you but does no damage. x2
The white ugly thing punches you! The white ugly thing freezes you! You resist.
The ufetubus hits you.
The ufetubus hits you but does no damage.
The white ugly thing punches you but does no damage.
There is a stone staircase leading up here.
The ufetubus hits you but does no damage. x2
The white ugly thing punches you! The white ugly thing freezes you! You resist.
The ufetubus hits you but does no damage. x2
You climb upwards.
Level annotation: 3 runed translucent doors, GigaChad's ghost, novice MiFi
There is a stone staircase leading down here.
There is an open door here.
You barely miss the ufetubus.
Your +0 spectral giant spiked club barely misses the ufetubus.
The ufetubus hits you but does no damage. x4
There is an open door here.
The ufetubus hits you.
The ufetubus hits you but does no damage.
You impale the ufetubus!!
You kill the ufetubus!
Your Armour skill increases to level 2!
You closely miss the white ugly thing. The white ugly thing punches you.
The white ugly thing freezes you! You resist. The white ugly thing punches you!
The white ugly thing freezes you! You resist.
You barely miss the white ugly thing. The white ugly thing punches you.
* * * LOW HITPOINT WARNING * * *
The white ugly thing freezes you! You resist.
* * * LOW HITPOINT WARNING * * *
The white ugly thing punches you.
* * * LOW HITPOINT WARNING * * *
The white ugly thing freezes you! You resist.
You die...

########## ### #........#
###.#### #.######.#
##########......# #.# #.#
#...............###.#### #.#
#.#######..@..#........###.#
#.##...##..#u######........#
#.##.......#.# ####.#####
#.##...##.##.# #.#
#.###.###.##'## #.#
#.........#...## #.#
######.###.....## #.#
##.###.##.......## ##.####
##...##.#.........####.....##


You could see a white ugly thing.

Vanquished Creatures
  A water moccasin (D:5)
  A sky beast (D:5)
  A necrophage (D:5)
  A bullfrog (D:4)
  A scorpion (D:5)
  2 jellies (D:5)
  Crazy Yiuf (D:3)
  2 iguanas
  A hound zombie (D:5)
  An adder (D:5)
  A shadow imp (D:5)
  An ufetubus (D:5)
  4 worms
  3 dart slugs
  11 orcs
  5 bats
  8 endoplasms
  A giant cockroach (D:1)
  6 goblins
  A hobgoblin (D:2)
  5 jackals
  9 kobolds
  A quokka (D:4)
  11 ball pythons
  3 rats
82 creatures vanquished.

Notes
Turn   | Place    | Note
-------+----------+-------------------------------------------
     0 | D:1      | issech the Troll Monk began the quest for the Orb.
     0 | D:1      | Reached XP level 1. HP: 22/22 MP: 0/0
   186 | D:1      | Reached XP level 2. HP: 29/29 MP: 1/1
   309 | D:1      | Reached skill level 3 in Maces & Flails
   487 | D:1      | Reached XP level 3. HP: 33/36 MP: 2/2
   774 | D:2      | Found Ygra's Antique Armour Boutique.
   797 | D:2      | Found Eroy's Weapon Emporium.
   901 | D:2      | Found Heur's Armour Shoppe.
  1081 | D:2      | Bought a +0 spectral giant spiked club for 73 gold pieces
  1120 | D:2      | Found Pyfu's Antique Armour Emporium.
  1221 | D:2      | Found Paquguma's Assorted Antiques.
  1428 | D:2      | Found a faded altar of an unknown god.
  1855 | D:3      | Found a sacrificial altar of Ru.
  2046 | D:3      | Reached XP level 4. HP: 39/45 MP: 3/3
  2128 | D:3      | Found a runed translucent door.
  2129 | D:3      | Noticed Crazy Yiuf
  2279 | D:3      | Killed Crazy Yiuf
  2511 | D:4      | Noticed a bullfrog
  2513 | D:4      | Reached XP level 5. HP: 47/53 MP: 4/4
  2517 | D:4      | Reached skill level 4 in Maces & Flails
  2672 | D:4      | Found a white marble altar of Elyvilon.
  2986 | D:5      | Entered Level 5 of the Dungeon
  2986 | D:5      | Found a staircase to the Ecumenical Temple.
  2987 | D:5      | Noticed a necrophage
  2990 | D:5      | Killed a necrophage
  2991 | D:5      | Reached XP level 6. HP: 61/61 MP: 5/5
  3005 | Temple   | Entered the Ecumenical Temple
  3311 | D:5      | Found a runed translucent gate.
  3312 | D:5      | Found a runed translucent gate.
  3313 | D:5      | Found a runed translucent gate.
  3313 | D:5      | Noticed a kobold demonologist
  3314 | D:5      | Noticed GigaChad's ghost (novice MiFi)
  3340 | D:5      | Found a sparkling altar of Nemelex Xobeh.
  3488 | D:5      | Reached skill level 1 in Armour
  3609 | D:5      | Noticed a water moccasin
  3611 | D:5      | Found Duorissu's Antique Weapon Emporium.
  3616 | D:5      | Killed a water moccasin
  3617 | D:5      | Reached skill level 5 in Maces & Flails
  3735 | D:5      | Reached XP level 7. HP: 66/68 MP: 6/6
  4147 | D:6      | Noticed a white ugly thing
  4148 | D:6      | Found a basalt altar of Yredelemnul.
  4199 | D:5      | Slain by a white ugly thing

Illustrated notes

Levels and vault maps discovered:
D:1:      moated_graveyard_arrival, layout_loops_ring,
          amcnicky_mini_corridor_feature, nrook_campfire, serial_bayou_pond_c
D:2:      layout_basic, serial_shops, shop, shop, nicolae_shop_waterfront, shop,
          nicolae_shop_waterfront, basic_ecumenical_altar
D:3:      layout_basic, mainiacjoe_overflow_small_starburst,
          uniq_crazy_yiuf_cottage
D:4:      layout_basic, kennysheep_mini_moat, serial_glass, glass_columns_a,
          glass_columns_c, glass_columns_c, hangedman_glass_teeth
D:5:      layout_loops_corners, mainiacjoe_overflow_chevrons, temple_statues,
          gammafunk_ghost_split, serial_shops, shop
D:6:      layout_cave_pools, nzn_overflow_gifts_of_might_and_magic,
          ashenzari_altar_1, yredelemnul_altar_generic
Temple:   compressed_dpeg_triangle_lava_temple

Skill      XL: |  1  2  3  4  5  6  7 |
---------------+----------------------+-----
Maces & Flails | 3 4 5 |  5.6
Fighting       | 3 |  3.8
Dodging        | 3 |  3.2
Armour         | 1 2 |  2.0
Short Blades   | |  0.9
Stealth        | |  1.6

Action                   |  1- 3 |  4- 6 |  7- 9 || total
-------------------------+-------+-------+-------++-------
Melee: Mace              |    26 |       |       ||    26
       Dagger            |    58 |       |       ||    58
       Punch             |     1 |       |       ||     1
       Giant spiked club |    19 |    48 |    17 ||    84
 Stab: Sleeping          |     3 |     1 |       ||     4
Armor: Robe              |    43 |     4 |       ||    47
       Gold dragon scale |       |    59 |    22 ||    81
Dodge: Dodged            |    58 |     9 |     3 ||    70
